 Dungeon Crawl Stone Soup version 0.19.4-10-g532645f (webtiles) character file.

211 Gargoyl the Skirmisher (level 5, -12/46 HPs)
             Began as a Ghoul Abyssal Knight on Feb 24, 2017.
             Was a Believer of Lugonu.
             Mangled by an ogre
             ... wielding a +0 giant club
              (19 damage)
             ... on level 4 of the Dungeon.
             The game lasted 00:08:19 (2948 turns).

Gargoyl the Skirmisher (Ghoul Abyssal Knight)       Turns: 2948, Time: 00:08:20

Health: -12/46     AC: 11    Str: 22    XL:     5   Next: 88%
Magic:  6/6        EV:  8    Int: 11    God:    Lugonu [**....]
Gold:   241        SH:  0    Dex:  9    Spells: 0 memorised, 4 levels left

rFire  . . .     SeeInvis .     d - +0 mace of Oozing Pus {crush, Str+6 Int+4 Dex-2} (curse)
rCold  + . .     Gourm    .     h - +0 chain mail
rNeg   + + +     Faith    .     (no shield)
rPois  ∞         Spirit   .     (no helmet)
rElec  .         Reflect  .     l - +0 cloak
rCorr  .         Harm     .     (no gloves)
MR     +....                    u - +0 pair of boots
Stlth  ..........               (no amulet)
                                k - ring of protection from magic
                                s - +2 ring of dexterity

@: rotting
A: rotting body, claws 1, carnivore 3, cold resistance 1, negative energy
resistance 3, slow regeneration 1, torment resistance, unbreathing
a: Depart the Abyss, Bend Space, Renounce Religion


You were on level 4 of the Dungeon.
You worshipped Lugonu.
Lugonu was pleased with you.
You were not hungry.

You visited 1 branch of the dungeon, and saw 4 of its levels.
You visited the Abyss 1 time.

You collected 241 gold pieces.

Inventory:

Hand Weapons
 a - a +1 hand axe
 d - the cursed +0 mace of Oozing Pus (weapon) {crush, Str+6 Int+4 Dex-2}
   (You found it on level 2 of the Abyss)

   It inflicts extra damage upon your enemies.
   It affects your strength (+6).
   It affects your intelligence (+4).
   It affects your dexterity (-2).
   It has a curse placed upon it.
 e - a +2 broad axe of distortion
 n - a +1 trident of flaming
Armour
 h - a +0 chain mail (worn)
 l - a +0 cloak (worn)
 u - a +0 pair of boots (worn)
Jewellery
 j - an uncursed ring of protection from cold
 k - a ring of protection from magic (right claw)
 s - a +2 ring of dexterity (left claw)
 t - an uncursed ring of poison resistance {unknown}
Wands
 m - a wand of polymorph (11/24)
Scrolls
 o - a scroll of magic mapping
 p - a scroll of teleportation
Potions
 i - a potion of brilliance
Comestibles
 c - 4 meat rations
 f - a slice of pizza
 g - 2 beef jerkies


   Skills:
 + Level 4.1 Fighting
 + Level 2.0(2.3) Axes
 + Level 1.5(2.1) Maces & Flails
 * Level 3.6 Armour
 + Level 1.5 Dodging
 * Level 3.2 Invocations


You had 4 spell levels left.
You didn't know any spells.

Dungeon Overview and Level Annotations

Branches:
Dungeon (4/15)
 Temple: D:4-7

Altars:
Ru

Annotations:
D:3 Grinder


Innate Abilities, Weirdness & Mutations

Your body is rotting away.
You thrive on raw meat.
You are immune to poison.
You have sharp fingernails.
You are carnivorous and can eat meat at any time.
Your flesh is cold resistant. (rC+)
You are immune to negative energy. (rN+++)
You regenerate slowly when monsters are visible.
You are immune to unholy pain and torment.
You can survive without breathing.


Message History

The ogre is moderately wounded.
The ogre closely misses you.
You hit the ogre.
The ogre is heavily wounded.
The ogre completely misses you.
You barely miss the ogre.
The ogre is heavily wounded.
The ogre hits you with a giant club!
You feel better. The ogre hits you with a giant club.
You hit the ogre.
The ogre is almost dead.
The ogre hits you with a giant club!
* * * LOW HITPOINT WARNING * * *
You hit the ogre.
The ogre is almost dead.
The ogre misses you.
You hit the ogre.
The ogre is almost dead.
The ogre hits you with a giant club!!
You die...

..## ...## #####
##.#... ..!...
....... ......
......... ......#
........#
.......#........##
......O@.........#
......#..........
##### #.###......
#.....##. # .#
####..# #.# ...#
#...# #.##...#.
####.#.####........
#...........##[..
#..............#


You could see an ogre.

Vanquished Creatures
  A scorpion (D:4)
  The ghost of letownia the Conjurer, a weakling OpWz (D:4)
  3 adders
  3 oozes (D:2)
  2 worms
  A dart slug (D:1)
  2 leopard geckos
  2 orcs (D:3)
  11 bats
  4 giant cockroaches
  16 goblins
  6 hobgoblins
  3 jackals (D:2)
  9 kobolds
  3 frilled lizards
  6 rats
73 creatures vanquished.

Notes
Turn   | Place    | Note
-------+----------+-------------------------------------------
     0 | Abyss:1  | Gargoyl the Ghoul Abyssal Knight began the quest for the Orb.
     0 | Abyss:1  | Reached XP level 1. HP: 19/19 MP: 1/1
    57 | Abyss:1  | Noticed a great orb of eyes
    59 | Abyss:1  | Found a shimmering altar of Xom.
    63 | Abyss:1  | Paralysed by a great orb of eyes for 4 turns
    76 | Abyss:2  | Got a fine mace
    77 | Abyss:2  | Identified the cursed +0 mace of Oozing Pus {crush, Str+6 Int+4 Dex-2} (You found it on level 2 of the Abyss)
   117 | Abyss:2  | Noticed a chaos spawn
   117 | D:1      | Escaped the Abyss
   432 | D:1      | Reached XP level 2. HP: 25/26 MP: 2/2
   471 | D:1      | Reached * piety under Lugonu
   616 | D:1      | Reached XP level 3. HP: 30/33 MP: 3/3
   701 | D:1      | Reached skill level 1 in Dodging
  1357 | D:2      | Reached XP level 4. HP: 40/40 MP: 4/4
  1655 | D:2      | Reached ** piety under Lugonu
  1894 | D:2      | Found a sacrificial altar of Ru.
  2075 | D:3      | Noticed Grinder
  2083 | D:3      | Paralysed by Grinder for 5 turns
  2102 | D:3      | Paralysed by Grinder for 4 turns
  2555 | D:3      | Found a faded altar of an unknown god.
  2647 | D:3      | Reached skill level 1 in Maces & Flails
  2655 | D:3      | Reached XP level 5. HP: 33/46 MP: 6/6
  2741 | D:4      | Noticed letownia's ghost (weakling OpWz)
  2775 | D:4      | Killed letownia's ghost
  2775 | D:4      | Reached skill level 4 in Fighting
  2938 | D:4      | Noticed an ogre
  2948 | D:4      | Mangled by an ogre

Skill      XL: |  1  2  3  4  5 |
---------------+----------------+-----
Armour         | 2 3 |  3.6
Axes           | 2 |  2.0
Dodging        | 1 |  1.5
Maces & Flails | 1 |  1.5
Fighting       | 4 |  4.1
Invocations    | 3 |  3.2

Action                   |  1- 3 |  4- 6 || total
-------------------------+-------+-------++-------
Melee: Mace              |   125 |   186 ||   311
Invok: Depart the Abyss  |     1 |       ||     1
Evoke: Wand              |       |     1 ||     1
  Use: Scroll            |     5 |     6 ||    11
       Potion            |       |     4 ||     4
  Eat: Chunk             |    26 |    23 ||    49
Armor: Leather armour    |    53 |       ||    53
       Ring mail         |     1 |    31 ||    32
       Chain mail        |       |    81 ||    81
Dodge: Dodged            |    98 |    84 ||   182
